 Dungeon Crawl Stone Soup version 0.17.0-22-g5edae84 (console) character file.

349 jw the Chopper (level 6, -3/44 HPs)
             Began as an Octopode Berserker on Nov 13, 2015.
             Was a Believer of Trog.
             Slain by an orc
             ... wielding a +0 trident
              (7 damage)
             ... on level 4 of the Dungeon.
             The game lasted 00:10:16 (3486 turns).

jw the Chopper (Octopode Berserker)                 Turns: 3486, Time: 00:10:16

Health: -3/44      AC:  1    Str: 17    XL:     6   Next: 60%
Magic:  6/6        EV: 17    Int:  9    God:    Trog [**....]
Gold:   210        SH:  0    Dex: 13    Spells: 0 memorised, 5 levels left

rFire  . . .     SeeInvis .     a - +2 hand axe
rCold  . . .     Clarity  .     (no shield)
rNeg   . . .     SustAt   .     (helmet restricted)
rPois  .         Gourm    .     (no amulet)
rElec  .         Spirit   .     g - +5 ring of evasion
rCorr  .         Warding  .     q - ring of teleportation (curse)
rMut   .         Rnd*Tele +     (no ring)
MR     .....                    (no ring)
Stlth  ++........               (no ring)
                                (no ring)
                                (no ring)
                                (no ring)

@: heavily drained, not resistant to hostile enchantments, unstealthy
A: almost no armour, amphibious, 8 rings, constrict 8, camouflage 1, gelatinous
body 1
a: Berserk, Trog's Hand, Burn Spellbooks, Renounce Religion, Evoke Teleportation


You were on level 4 of the Dungeon.
You worshipped Trog.
Trog was pleased with you.
You were very hungry.

You visited 1 branch of the dungeon, and saw 4 of its levels.

You collected 210 gold pieces.

Inventory:

Hand Weapons
 a - a +2 hand axe (weapon)
Missiles
 d - 95 stones (quivered)
Jewellery
 g - a +5 ring of evasion (left tentacle)
 q - a cursed ring of teleportation (right tentacle)
Wands
 m - a wand of polymorph (11)
Scrolls
 c - 3 scrolls of remove curse
 f - a scroll of noise
 p - 2 scrolls of identify
Potions
 e - a potion of heal wounds {unknown}
 n - a potion of magic
 o - a potion of agility {unknown}
 s - a potion of cancellation
Comestibles
 b - 3 bread rations
 h - 2 fruits
 j - a slice of pizza
 k - 3 meat rations


   Skills:
 + Level 4.4(2.8) Fighting
 * Level 5.3(3.7) Axes
 + Level 3.2(1.7) Throwing
 - Level 3.0(1.5) Dodging


You had 5 spell levels left.
You didn't know any spells.

Dungeon Overview and Level Annotations

Branches:
Dungeon (4/15)
 Temple: D:4-7

Altars:


Innate Abilities, Weirdness & Mutations

You cannot wear most types of armour.
You are amphibious.
You can wear up to eight rings at the same time.
You can use your tentacles to constrict eight enemies at once.
Your skin changes colour to match your surroundings (Stealth).
Your rubbery body absorbs attacks (AC +1).


Message History

You barely miss the orc. The orc closely misses you.
The orc hits you with a flail! The orc completely misses you.
MOVING TO (-3,-5) MOVING TO (-2,-5) MOVING TO (-1,-4)
The orc misses you.
MOVING TO (-1,-3) MOVING TO (-1,-2)
Found a war axe and 14 stones.
MOVING TO (-1,-1) ATTACKING (0,1)
You slash the orc!
You kill the orc!
Trog accepts your kill.
You barely miss the orc.
The orc is lightly wounded.
The orc misses you.
MOVING TO (-1,7)
The orc hits you with a trident!
You die...

..#
#####.#...........#
..# #.#..##..(....#
.## # #...........
#..##.....#
#..##?.#..# #
..#.........#.#
............).#
#........#
#####xo### #o.# #
###[g##########.#
#.....).....>...#
#$..........)..##
###..#########.#
#...# # #..## #..


You could see 2 orcs and a goblin.

Table legend:
 A = Turns spent in this place as a percentage of turns spent in the entire game.
 B = Non-inter-level travel turns spent in this place as a percentage of non-inter-level travel turns spent in the entire game.
 C = Inter-level travel turns spent in this place as a percentage of turns spent in this place.
 D = Turns resting spent in this place as a percentage of non-inter-level travel turns spent in this place.
 E = Turns spent auto-exploring this place as a percentage of non-inter-level travel turns spent in this place.
 F = Non-inter-level travel turns spent in this place divided by the number of levels of this place that you've seen.
                   A       B       C       D       E      F
               +-------+-------+-------+-------+-------+----------------------
         Total | 100.0 | 100.0 |   0.4 |   1.3 |   2.6 | 1190.2
       Dungeon | 100.0 | 100.0 |   0.4 |   1.3 |   2.6 | 1190.2
               +-------+-------+-------+-------+-------+----------------------

Table legend:
 A = Kills in this place as a percentage of kills in entire the game.
 B = Kills by you in this place as a percentage of kills by you in the entire game.
 C = Kills by friends in this place as a percentage of kills by friends in the entire game.
 D = Other kills in this place as a percentage of other kills in the entire game.
 E = Experience gained in this place as a percentage of experience gained in the entire game.
 F = Experience gained in this place divided by the number of levels of this place that you have seen.
                   A       B       C       D       E      F
               +-------+-------+-------+-------+-------+----------------------
         Total | 100.0 | 100.0 |  -nan |  -nan | 100.0 | 124.8
       Dungeon | 100.0 | 100.0 |  -nan |  -nan | 100.0 | 124.8
               +-------+-------+-------+-------+-------+----------------------

Vanquished Creatures
  The ghost of yevrey the Magician, an amateur DENe (D:4)
  A wasp zombie (D:3)
  An orc priest (D:3)
  An iguana (D:4)
  2 adders (D:3)
  2 oozes
  4 worms
  5 orcs
  A ball python (D:1)
  10 bats
  5 goblins
  6 hobgoblins
  7 jackals
  2 giant cockroaches (D:2)
  4 giant geckos
  4 giant newts
  10 kobolds
  9 rats
75 creatures vanquished.

Notes
Turn   | Place    | Note
--------------------------------------------------------------
     0 | D:1      | jw the Octopode Berserker began the quest for the Orb.
     0 | D:1      | Reached XP level 1. HP: 16/16 MP: 1/1
   123 | D:1      | Reached XP level 2. HP: 21/21 MP: 2/2
   476 | D:1      | Reached XP level 3. HP: 22/26 MP: 3/3
   639 | D:1      | Reached skill level 1 in Throwing
   674 | D:1      | Reached ** piety under Trog
  1861 | D:2      | Reached XP level 4. HP: 32/32 MP: 4/4
  2373 | D:3      | Reached skill level 4 in Axes
  2555 | D:3      | Reached *** piety under Trog
  2555 | D:3      | Reached XP level 5. HP: 37/37 MP: 5/5
  3194 | D:4      | Noticed yevrey's ghost (amateur DENe)
  3402 | D:4      | Killed yevrey's ghost
  3402 | D:4      | Reached skill level 5 in Axes
  3402 | D:4      | Reached XP level 6. HP: 12/44 MP: 6/6
  3486 | D:4      | Slain by an orc

Action                   |  1- 3 |  4- 6 || total
-------------------------+-------+-------++-------
Melee: Hand axe          |    66 |    66 ||   132
Throw: Stone             |    65 |    33 ||    98
       Tomahawk          |     9 |    11 ||    20
Invok: Berserk           |     1 |     2 ||     3
       Trog's Hand       |       |     3 ||     3
  Use: Scroll            |     3 |     6 ||     9
       Potion            |     2 |     5 ||     7
 Stab: Sleeping          |     4 |       ||     4
  Eat: Chunk             |     4 |     6 ||    10

Vault maps used:
D:1:      minmay_arrival_five_plusses, minmay_misc_feat_room, minivault_26
D:4:      uniq_robin
